Gangsters vs Sasquatch
(R2)
Created - 25 février 2014 at 20:11
Goals
|
| Gangsters |
1 |
1 |
2 |
4 |
| Sasquatch |
0 |
2 |
1 |
3 |
|
Shots
|
| Gangsters |
8 |
4 |
13 |
25 |
| Sasquatch |
12 |
12 |
9 |
33 |
|
1st period
1. Gangsters , Ryan Jones 16 (Cory Murphy, Chris Bourque) at 7:39 (PP)
Penalties :
Matt Beleskey (Gat) for Hooking (Minor) at 5:34, Matt Niskanen (Gat) for Tripping (Minor) at 6:47, Yann Sauvé (Gat) for Hooking (Minor) at 11:27
2nd period
2. Sasquatch , Andrew Gordon 26 (Kevin Shattenkirk, Krys Kolanos) at 3:39
3. Gangsters , Igor Radulov 49 (Staffan Kronwall, Ryan Keller) at 8:46 (PP)
4. Sasquatch , Jakub Voracek 30 (Kevin Shattenkirk, Konstantin Pushkarev) at 11:32
Penalties :
Yann Sauvé (Gat) for Holding (Minor) at 8:39, Matt Niskanen (Gat) for Interference (Minor) at 13:21
3rd period
5. Gangsters , Igor Radulov 50 (Cory Murphy, Staffan Kronwall) at 0:16
6. Sasquatch , Chad Kilger 4 (Kevin Porter) at 1:24 (PP)
7. Gangsters , Ryan Keller 34 (Igor Radulov, Staffan Kronwall) at 19:35
Penalties :
Bryan Young (Bro) for Holding (Minor) at 1:19, Ryan Keller (Bro) for Roughing (Minor) at 2:43, Dave Dziurzynski (Bro) for Slashing (Minor) at 14:15, Matt Niskanen (Gat) for Tripping (Minor) at 18:52, Brock Bradford (Bro) for Cross-checking (Minor) at 19:18
Goalie Stats
David LeNeveu (Bro), 30 saves from 33 shots - (0,909), W, 19-19-3, 60:00 minutes
Cory Schneider (Gat), 21 saves from 25 shots - (0,840), L, 23-16-3, 59:39 minutes
Players Stats for Gangsters
Player Name G A P +/- PIM S H SB GA TA FO MP PP MP PK MP
------------------------------------------------------------------------------------
Alexandre Bolduc 0 0 0 1 0 0 0 0 0 0 14/30 16:57 3:21 1:25
Ben Holmstrom 0 0 0 -1 0 0 0 1 0 1 2/6 12:30 0:13 0:00
Bradley Malone 0 0 0 0 0 0 0 0 0 0 0/0 1:03 0:00 0:00
Brock Bradford 0 0 0 0 2 1 1 0 0 1 6/14 19:24 3:01 0:13
Bryan Young 0 0 0 -1 2 1 1 2 0 1 0/0 22:06 2:40 1:47
Chris Bourque 0 1 1 0 0 5 1 1 1 0 1/1 20:03 3:02 1:35
Colten Teubert 0 0 0 0 0 0 1 1 0 0 0/0 13:25 0:00 0:00
Cory Murphy 0 2 2 1 0 2 6 2 2 1 0/0 27:38 3:56 2:16
Dave Dziurzynski 0 0 0 -1 2 0 1 0 0 0 0/0 13:54 0:00 0:44
Igor Radulov 2 1 3 1 0 7 1 1 2 0 3/7 24:00 3:34 1:49
Luke Gazdic 0 0 0 -1 0 1 1 0 0 0 0/0 11:49 0:00 0:46
Maxime Sauvé 0 0 0 -1 0 1 2 1 0 0 2/4 11:58 0:13 0:00
Nathan Moon 0 0 0 0 0 0 0 0 0 0 0/0 0:00 0:00 0:00
Phil McRae 0 0 0 0 0 0 0 0 0 0 0/0 0:21 0:00 0:00
Ryan Jones 1 0 1 0 0 2 3 1 0 1 0/1 20:05 3:02 0:33
Ryan Keller 1 1 2 1 2 3 3 1 1 1 1/1 25:26 3:21 1:01
Staffan Kronwall 0 3 3 2 0 1 2 5 1 3 0/0 31:39 3:56 2:16
Ville Koistinen 0 0 0 -2 0 1 0 1 0 2 0/0 22:54 2:40 1:47
Players Stats for Sasquatch
Player Name G A P +/- PIM S H SB GA TA FO MP PP MP PK MP
------------------------------------------------------------------------------------
Andrew Gordon 1 0 1 1 0 2 1 0 2 0 0/0 10:51 0:08 0:00
Chad Kilger 1 0 1 0 0 4 4 0 2 1 0/0 18:17 2:03 3:36
Derek Stepan 0 0 0 0 0 0 0 0 0 0 6/11 14:43 1:52 0:00
Eric Tangradi 0 0 0 0 0 0 1 0 0 0 0/0 9:22 0:00 0:38
Jake Gardiner 0 0 0 -1 0 1 2 3 1 1 0/0 25:33 1:55 2:42
Jakub Voracek 1 0 1 -1 0 6 4 0 0 0 1/1 18:37 2:03 0:00
Jiri Novotny 0 0 0 0 0 1 0 1 0 0 1/3 11:20 0:00 1:44
Keith Yandle 0 0 0 -1 0 2 0 3 0 1 0/0 23:05 1:55 3:14
Kevin Porter 0 1 1 -1 0 5 3 0 2 0 23/42 22:55 2:03 4:14
Kevin Shattenkirk 0 2 2 1 0 1 1 1 2 0 0/0 23:09 2:08 3:54
Konstantin Pushkarev 0 1 1 0 0 3 0 0 0 0 0/0 9:29 0:08 0:00
Krys Kolanos 0 1 1 1 0 1 0 0 1 0 3/5 10:30 0:00 0:00
Matt Beleskey 0 0 0 1 2 0 0 0 0 0 1/1 11:23 0:08 0:33
Matt Ellison 0 0 0 0 0 1 5 0 0 0 0/0 14:43 1:52 0:00
Matt Niskanen 0 0 0 2 6 2 2 0 0 1 0/0 21:48 2:08 1:54
Rostislav Klesla 0 0 0 -1 0 1 0 0 1 0 0/0 12:54 0:00 0:00
Teemu Hartikainen 0 0 0 0 0 2 2 0 0 2 0/1 19:23 1:52 1:41
Yann Sauvé 0 0 0 0 4 1 0 0 0 1 0/0 13:49 0:00 1:27
3 Stars
1 - Igor Radulov (Bro)
2 - Staffan Kronwall (Bro)
3 - Cory Murphy (Bro)
Power Play
Gangsters - 2 on 6 Attempt(s) - 33,33%
Sasquatch - 1 on 4 Attempt(s) - 25,00%
Penalty Kill
Gangsters - 3 on 4 Attempt(s) - 75,00%
- Score 0 goal in Penalty Kill
Sasquatch - 4 on 6 Attempt(s) - 66,67%
- Score 0 goal in Penalty Kill
Official
Referees : Walkom Stephen and Rooney Chris
Linesman : Mike Cvik and Dan Schachte
Game Notes
No Game Note
Finance
Level 1 -- Attendance: 1569 (78,45%) -- Ticket Income 54 915 $
Level 2 -- Attendance: 697 (69,70%) -- Ticket Income 10 455 $
Total Attendance: 2266 (75,53%)
Total Ticket Income: 65 370 $
Other Income: 3 268 $
Total Income: 68 638 $
Gangsters
5 vs 5 Forward
Center Left Wing Right Wing Time % Phy DF OF
1 Alexandre Bolduc Igor Radulov Ryan Keller 40 1 2 2
2 Brock Bradford Chris Bourque Ryan Jones 30 1 2 2
3 Ben Holmstrom Dave Dziurzynski Igor Radulov 20 1 2 2
4 Maxime Sauvé Luke Gazdic Ryan Keller 10 1 2 2
5 vs 5 Defense
Defense Defense Time % Phy DF OF
1 Staffan Kronwall Cory Murphy 40 1 2 2
2 Ville Koistinen Bryan Young 30 1 2 2
3 Colten Teubert Staffan Kronwall 20 1 2 2
4 Cory Murphy Ville Koistinen 10 1 2 2
PowerPlay Forward
Center Left Wing Right Wing Time % Phy DF OF
1 Alexandre Bolduc Igor Radulov Ryan Keller 60 1 2 2
2 Brock Bradford Chris Bourque Ryan Jones 40 1 2 2
PowerPlay Defense
Defense Defense Time % Phy DF OF
1 Staffan Kronwall Cory Murphy 60 1 2 2
2 Ville Koistinen Bryan Young 40 1 2 2
Penalty Kill 4 Players Forward
Center Wing Time % Phy DF OF
1 Igor Radulov Ryan Keller 60 1 2 2
2 Chris Bourque Ryan Jones 40 1 2 2
Penalty Kill 4 Players Defense
Defense Defense Time % Phy DF OF
1 Staffan Kronwall Cory Murphy 60 1 2 2
2 Ville Koistinen Bryan Young 40 1 2 2
Penalty Kill - 3 Players Forward
Forward Time % Phy DF OF
1 Igor Radulov 60 1 2 2
2 Ryan Keller 40 1 2 2
Penalty Kill - 3 Players Defense
Defense Defense Time % Phy DF OF
1 Staffan Kronwall Cory Murphy 60 1 2 2
2 Ville Koistinen Bryan Young 40 1 2 2
4 vs 4 Forward
Center Wing Time % Phy DF OF
1 Igor Radulov Ryan Keller 60 1 2 2
2 Chris Bourque Ryan Jones 40 1 2 2
4 vs 4 Defense
Defense Defense Time % Phy DF OF
1 Staffan Kronwall Cory Murphy 60 1 2 2
2 Ville Koistinen Bryan Young 40 1 2 2
Last Minutes Offensive
Center Left Wing Right Wing Defense Defense
Alexandre Bolduc Igor Radulov Ryan Keller Staffan Kronwall Cory Murphy
Last Minutes Defensive
Center Left Wing Right Wing Defense Defense
Alexandre Bolduc Igor Radulov Ryan Keller Staffan Kronwall Cory Murphy
Goaltenders
Starting : David LeNeveu
Backup : Dustin Tokarski
Extra Forwards
Normal : Ben Holmstrom, Maxime Sauvé, Dave Dziurzynski - PP : Ben Holmstrom, Maxime Sauvé - PK : Dave Dziurzynski
Extra Defensemen
Normal : Colten Teubert, Bryan Young, Staffan Kronwall - PP : Colten Teubert - PK : Bryan Young, Staffan Kronwall
Penalty Shots
Igor Radulov, Ryan Keller, Chris Bourque, Ryan Jones, Alexandre Bolduc
Sasquatch
5 vs 5 Forward
Center Left Wing Right Wing Time % Phy DF OF
1 Kevin Porter Teemu Hartikainen Jakub Voracek 40 1 2 2
2 Derek Stepan Chad Kilger Matt Ellison 30 1 2 2
3 Krys Kolanos Matt Beleskey Andrew Gordon 20 1 2 2
4 Jiri Novotny Eric Tangradi Konstantin Pushkarev 10 1 2 2
5 vs 5 Defense
Defense Defense Time % Phy DF OF
1 Keith Yandle Jake Gardiner 40 1 2 2
2 Kevin Shattenkirk Matt Niskanen 30 1 2 2
3 Yann Sauvé Rostislav Klesla 20 1 2 2
4 Jake Gardiner Matt Niskanen 10 1 2 2
PowerPlay Forward
Center Left Wing Right Wing Time % Phy DF OF
1 Kevin Porter Chad Kilger Jakub Voracek 60 1 2 2
2 Derek Stepan Teemu Hartikainen Matt Ellison 40 1 2 2
PowerPlay Defense
Defense Defense Time % Phy DF OF
1 Kevin Shattenkirk Matt Niskanen 60 1 2 2
2 Keith Yandle Jake Gardiner 40 1 2 2
Penalty Kill 4 Players Forward
Center Wing Time % Phy DF OF
1 Kevin Porter Chad Kilger 60 1 2 2
2 Jiri Novotny Teemu Hartikainen 40 1 2 2
Penalty Kill 4 Players Defense
Defense Defense Time % Phy DF OF
1 Kevin Shattenkirk Matt Niskanen 60 1 2 2
2 Keith Yandle Jake Gardiner 40 1 2 2
Penalty Kill - 3 Players Forward
Forward Time % Phy DF OF
1 Kevin Porter 60 1 2 2
2 Jiri Novotny 40 1 2 2
Penalty Kill - 3 Players Defense
Defense Defense Time % Phy DF OF
1 Kevin Shattenkirk Matt Niskanen 60 1 2 2
2 Rostislav Klesla Jake Gardiner 40 1 2 2
4 vs 4 Forward
Center Wing Time % Phy DF OF
1 Kevin Porter Jakub Voracek 60 1 2 2
2 Krys Kolanos Teemu Hartikainen 40 1 2 2
4 vs 4 Defense
Defense Defense Time % Phy DF OF
1 Kevin Shattenkirk Matt Niskanen 60 1 2 2
2 Keith Yandle Jake Gardiner 40 1 2 2
Last Minutes Offensive
Center Left Wing Right Wing Defense Defense
Kevin Porter Teemu Hartikainen Jakub Voracek Keith Yandle Kevin Shattenkirk
Last Minutes Defensive
Center Left Wing Right Wing Defense Defense
Kevin Porter Teemu Hartikainen Andrew Gordon Jake Gardiner Matt Niskanen
Goaltenders
Starting : Cory Schneider
Backup : Anders Lindback
Extra Forwards
Normal : Jiri Novotny, Konstantin Pushkarev, Jakub Voracek - PP : Matt Beleskey, Konstantin Pushkarev - PK : Eric Tangradi
Extra Defensemen
Normal : Rostislav Klesla, Yann Sauvé, Jake Gardiner - PP : Matt Niskanen - PK : Yann Sauvé, Keith Yandle
Penalty Shots
Chad Kilger, Krys Kolanos, Matt Ellison, Konstantin Pushkarev, Kevin Porter
% Time on Ice - Gangsters
Lines # - Real PCT - Wanted PCT - Time Play
Normal Forward
1 - 24% - 40% - 11:33
2 - 31% - 30% - 15:13
3 - 23% - 20% - 11:01
4 - 22% - 10% - 10:53
Normal Defense
1 - 37% - 40% - 17:46
2 - 33% - 30% - 15:49
3 - 23% - 20% - 11:20
4 - 8% - 10% - 3:45
PP Forward
1 - 54% - 60% - 3:34
2 - 46% - 40% - 3:02
PP Defense
1 - 60% - 60% - 3:56
2 - 40% - 40% - 2:40
PK Forward
1 - 86% - 60% - 3:30
2 - 14% - 40% - 0:33
PK Defense
1 - 56% - 60% - 2:16
2 - 44% - 40% - 1:47
PK3 Forward
1 - 0% - 60%
2 - 0% - 40%
PK3 Defense
1 - 0% - 60%
2 - 0% - 40%
44 Forward
1 - 100% - 60% - 0:41
2 - 0% - 40% - 0:00
44 Defense
1 - 100% - 60% - 0:41
2 - 0% - 40% - 0:00
Last Minute Offensive - 0:00
Last Minute Defensive - 0:00
Total
Forward - 60:00
Defense - 60:00
|
% Time on Ice - Sasquatch
Lines # - Real PCT - Wanted PCT - Time Play
Normal Forward
1 - 34% - 40% - 16:29
2 - 27% - 30% - 12:57
3 - 22% - 20% - 10:30
4 - 18% - 10% - 8:44
Normal Defense
1 - 39% - 40% - 18:56
2 - 31% - 30% - 14:59
3 - 25% - 20% - 12:13
4 - 5% - 10% - 2:32
PP Forward
1 - 54% - 60% - 2:11
2 - 46% - 40% - 1:52
PP Defense
1 - 53% - 60% - 2:08
2 - 47% - 40% - 1:55
PK Forward
1 - 73% - 60% - 4:14
2 - 27% - 40% - 1:36
PK Defense
1 - 54% - 60% - 3:08
2 - 46% - 40% - 2:42
PK3 Forward
1 - 83% - 60% - 0:38
2 - 17% - 40% - 0:08
PK3 Defense
1 - 100% - 60% - 0:46
2 - 0% - 40% - 0:00
44 Forward
1 - 100% - 60% - 0:41
2 - 0% - 40% - 0:00
44 Defense
1 - 100% - 60% - 0:41
2 - 0% - 40% - 0:00
Last Minute Offensive - 0:00
Last Minute Defensive - 0:00
Total
Forward - 60:00
Defense - 60:00
|
Play by Play
1st period
0:01 of 1st period - Ryan Keller wins face-off versus Kevin Porter in neutral zone.
0:34 of 1st period - Wrist shot by Ryan Jones.
0:34 of 1st period - Shot Blocked by Jake Gardiner.
1:00 of 1st period - Wrist shot by Kevin Porter.
1:00 of 1st period - Deflect By Teemu Hartikainen.
1:00 of 1st period - Stopped by David LeNeveu without a rebound.
1:01 of 1st period - Maxime Sauvé wins face-off versus Derek Stepan in Gangsters zone.
1:06 of 1st period - Snap shot by Matt Ellison.
1:06 of 1st period - Stopped by David LeNeveu without a rebound.
1:07 of 1st period - Derek Stepan wins face-off versus Maxime Sauvé in Gangsters zone.
1:08 of 1st period - Slapshot by Matt Ellison.
1:08 of 1st period - Shot Blocked by Staffan Kronwall.
1:57 of 1st period - Off-side.
1:58 of 1st period - Jiri Novotny wins face-off versus Ben Holmstrom in neutral zone.
2:25 of 1st period - Wrist shot by Konstantin Pushkarev.
2:25 of 1st period - Shot Misses the Net.
2:31 of 1st period - Wrist shot by Konstantin Pushkarev.
2:31 of 1st period - Stopped by David LeNeveu with a rebound.
2:33 of 1st period - Snap shot by Yann Sauvé.
2:33 of 1st period - Shot Misses the Net.
2:43 of 1st period - Wrist shot by Konstantin Pushkarev.
2:43 of 1st period - Stopped by David LeNeveu without a rebound.
2:44 of 1st period - Derek Stepan wins face-off versus Brock Bradford in Gangsters zone.
3:37 of 1st period - Kevin Shattenkirk is hit by Ryan Keller.
3:41 of 1st period - Bryan Young is hit by Jakub Voracek.
3:53 of 1st period - Wrist shot by Maxime Sauvé.
3:53 of 1st period - Shot Misses the Net.
3:55 of 1st period - Snap shot by Maxime Sauvé.
3:55 of 1st period - Stopped by Cory Schneider without a rebound.
3:56 of 1st period - Krys Kolanos wins face-off versus Brock Bradford in Sasquatch zone.
4:08 of 1st period - Icing by Colten Teubert.
4:09 of 1st period - Kevin Porter wins face-off versus Brock Bradford in Gangsters zone.
4:38 of 1st period - Snap shot by Ryan Jones.
4:38 of 1st period - Shot Blocked by Keith Yandle.
4:40 of 1st period - Slapshot by Staffan Kronwall.
4:40 of 1st period - Shot Misses the Net.
5:00 of 1st period - Snap shot by Chris Bourque.
5:00 of 1st period - Shot Misses the Net.
5:02 of 1st period - Slapshot by Colten Teubert.
5:02 of 1st period - Shot Misses the Net.
5:04 of 1st period - Snap shot by Brock Bradford.
5:04 of 1st period - Stopped by Cory Schneider without a rebound.
5:05 of 1st period - Kevin Porter wins face-off versus Alexandre Bolduc in Sasquatch zone.
5:19 of 1st period - Icing by Ville Koistinen.
5:20 of 1st period - Matt Beleskey wins face-off versus Alexandre Bolduc in Gangsters zone.
5:25 of 1st period - Snap shot by Andrew Gordon.
5:25 of 1st period - Stopped by David LeNeveu without a rebound.
5:26 of 1st period - Krys Kolanos wins face-off versus Alexandre Bolduc in Gangsters zone.
5:34 of 1st period - Minor Penalty to Matt Beleskey for Hooking.
5:35 of 1st period - Kevin Porter wins face-off versus Alexandre Bolduc in Sasquatch zone.
5:35 of 1st period - Kevin Porter is hit by Cory Murphy.
6:47 of 1st period - Minor Penalty to Matt Niskanen for Tripping.
6:48 of 1st period - Kevin Porter wins face-off versus Brock Bradford in Sasquatch zone.
7:01 of 1st period - Backhand shot by Ryan Jones.
7:01 of 1st period - Shot Misses the Net.
7:03 of 1st period - Wrist shot by Bryan Young.
7:03 of 1st period - Stopped by Cory Schneider without a rebound.
7:04 of 1st period - Igor Radulov wins face-off versus Kevin Porter in Sasquatch zone.
7:34 of 1st period - Penalty to Matt Beleskey is over, Matt Beleskey is back on ice.
7:39 of 1st period - Snap shot by Ryan Jones.
7:39 of 1st period - Goal by Ryan Jones - Gangsters : 1 - Sasquatch : 0.
7:40 of 1st period - Kevin Porter wins face-off versus Alexandre Bolduc in neutral zone.
7:45 of 1st period - Slapshot by Keith Yandle.
7:45 of 1st period - Deflect By Kevin Porter.
7:45 of 1st period - Shot Misses the Net.
7:45 of 1st period - Puck is out of play.
7:46 of 1st period - Kevin Porter wins face-off versus Alexandre Bolduc in Gangsters zone.
7:53 of 1st period - Snap shot by Jakub Voracek.
7:53 of 1st period - Shot Blocked by Ryan Keller.
7:55 of 1st period - Snap shot by Kevin Porter.
7:55 of 1st period - Stopped by David LeNeveu with a rebound.
7:57 of 1st period - Snap shot by Jakub Voracek.
7:57 of 1st period - Stopped by David LeNeveu without a rebound.
7:58 of 1st period - Kevin Porter wins face-off versus Alexandre Bolduc in Gangsters zone.
8:09 of 1st period - Snap shot by Kevin Porter.
8:09 of 1st period - Shot Misses the Net.
8:23 of 1st period - Jake Gardiner is hit by Staffan Kronwall and loses puck.
8:51 of 1st period - Dave Dziurzynski is hit by Andrew Gordon and loses puck.
9:57 of 1st period - Wrist shot by Krys Kolanos.
9:57 of 1st period - Shot Misses the Net.
9:59 of 1st period - Slapshot by Rostislav Klesla.
9:59 of 1st period - Shot Blocked by Staffan Kronwall.
10:01 of 1st period - Backhand shot by Yann Sauvé.
10:01 of 1st period - Stopped by David LeNeveu without a rebound.
10:02 of 1st period - Kevin Porter wins face-off versus Ryan Jones in Gangsters zone.
10:11 of 1st period - Wrist shot by Jakub Voracek.
10:11 of 1st period - Stopped by David LeNeveu with a rebound.
11:13 of 1st period - Eric Tangradi is hit by Ryan Jones and loses puck.
11:27 of 1st period - Minor Penalty to Yann Sauvé for Hooking.
11:28 of 1st period - Alexandre Bolduc wins face-off versus Kevin Porter in Sasquatch zone.
11:30 of 1st period - Wrist shot by Igor Radulov.
11:30 of 1st period - Stopped by Cory Schneider without a rebound.
11:31 of 1st period - Alexandre Bolduc wins face-off versus Kevin Porter in Sasquatch zone.
12:03 of 1st period - Off-side.
12:04 of 1st period - Brock Bradford wins face-off versus Jiri Novotny in neutral zone.
12:09 of 1st period - Snap shot by Chris Bourque.
12:09 of 1st period - Stopped by Cory Schneider with a rebound.
12:11 of 1st period - Slapshot by Cory Murphy.
12:11 of 1st period - Shot Misses the Net.
12:13 of 1st period - Snap shot by Ryan Jones.
12:13 of 1st period - Deflect By Chris Bourque.
12:13 of 1st period - Stopped by Cory Schneider without a rebound.
12:14 of 1st period - Alexandre Bolduc wins face-off versus Kevin Porter in Sasquatch zone.
12:41 of 1st period - Teemu Hartikainen is hit by Ryan Jones and loses puck.
12:46 of 1st period - Backhand shot by Chris Bourque.
12:46 of 1st period - Stopped by Cory Schneider with a rebound.
12:48 of 1st period - Snap shot by Staffan Kronwall.
12:48 of 1st period - Shot Misses the Net.
13:27 of 1st period - Penalty to Yann Sauvé is over, Yann Sauvé is back on ice.
13:36 of 1st period - Slapshot by Matt Niskanen.
13:36 of 1st period - Deflect By Krys Kolanos.
13:36 of 1st period - Shot Misses the Net.
13:36 of 1st period - Puck is out of play.
13:37 of 1st period - Ben Holmstrom wins face-off versus Krys Kolanos in Gangsters zone.
13:55 of 1st period - Rostislav Klesla is hit by Maxime Sauvé.
15:29 of 1st period - Wrist shot by Ryan Jones.
15:29 of 1st period - Shot Misses the Net.
15:41 of 1st period - Slapshot by Kevin Porter.
15:41 of 1st period - Stopped by David LeNeveu with a rebound.
15:43 of 1st period - Wrist shot by Teemu Hartikainen.
15:43 of 1st period - Shot Misses the Net.
15:45 of 1st period - Slapshot by Jake Gardiner.
15:45 of 1st period - Deflect By Bryan Young.
15:45 of 1st period - Stopped by David LeNeveu without a rebound.
15:46 of 1st period - Derek Stepan wins face-off versus Brock Bradford in Gangsters zone.
15:51 of 1st period - Snap shot by Matt Ellison.
15:51 of 1st period - Shot Misses the Net.
15:53 of 1st period - Slapshot by Kevin Shattenkirk.
15:53 of 1st period - Shot Misses the Net.
15:57 of 1st period - Snap shot by Chad Kilger.
15:57 of 1st period - Shot Misses the Net.
16:01 of 1st period - Slapshot by Chad Kilger.
16:01 of 1st period - Shot Blocked by Bryan Young.
16:45 of 1st period - Staffan Kronwall is hit by Chad Kilger and loses puck.
17:46 of 1st period - Rostislav Klesla is hit by Luke Gazdic and loses puck.
19:06 of 1st period - Chris Bourque is hit by Matt Ellison and loses puck.
19:11 of 1st period - Snap shot by Matt Ellison.
19:11 of 1st period - Deflect By Chad Kilger.
19:11 of 1st period - Stopped by David LeNeveu with a rebound.
19:21 of 1st period - Bryan Young is hit by Kevin Porter.
Goals for this period are 1 for Gangsters vs 0 for Sasquatch.
Shots for this period are 8 for Gangsters vs 12 for Sasquatch.
2nd period
0:01 of 2nd period - Alexandre Bolduc wins face-off versus Kevin Porter in neutral zone.
0:18 of 2nd period - Teemu Hartikainen is hit by Cory Murphy and loses puck.
1:10 of 2nd period - Ryan Keller is hit by Matt Niskanen and loses puck.
1:17 of 2nd period - Slapshot by Eric Tangradi.
1:17 of 2nd period - Deflect By Jiri Novotny.
1:17 of 2nd period - Stopped by David LeNeveu without a rebound.
1:18 of 2nd period - Alexandre Bolduc wins face-off versus Kevin Porter in Gangsters zone.
1:18 of 2nd period - Alexandre Bolduc is hit by Kevin Porter.
1:28 of 2nd period - Snap shot by Kevin Porter.
1:28 of 2nd period - Stopped by David LeNeveu with a rebound.
1:30 of 2nd period - Wrist shot by Jakub Voracek.
1:30 of 2nd period - Shot Misses the Net.
1:32 of 2nd period - Slapshot by Rostislav Klesla.
1:32 of 2nd period - Shot Misses the Net.
1:34 of 2nd period - Wrist shot by Teemu Hartikainen.
1:34 of 2nd period - Shot Misses the Net.
2:10 of 2nd period - Slapshot by Krys Kolanos.
2:10 of 2nd period - Shot Blocked by Staffan Kronwall.
2:24 of 2nd period - Slapshot by Matt Niskanen.
2:24 of 2nd period - Stopped by David LeNeveu with a rebound.
2:32 of 2nd period - Snap shot by Konstantin Pushkarev.
2:32 of 2nd period - Shot Blocked by Maxime Sauvé.
2:42 of 2nd period - Ryan Keller is hit by Kevin Porter and loses puck.
3:03 of 2nd period - Wrist shot by Ryan Keller.
3:03 of 2nd period - Shot Blocked by Keith Yandle.
3:05 of 2nd period - Slapshot by Staffan Kronwall.
3:05 of 2nd period - Shot Blocked by Jake Gardiner.
3:25 of 2nd period - Wrist shot by Krys Kolanos.
3:25 of 2nd period - Stopped by David LeNeveu without a rebound.
3:26 of 2nd period - Krys Kolanos wins face-off versus Ben Holmstrom in Gangsters zone.
3:37 of 2nd period - Backhand shot by Kevin Shattenkirk.
3:37 of 2nd period - Shot Blocked by Cory Murphy.
3:39 of 2nd period - Snap shot by Andrew Gordon.
3:39 of 2nd period - Goal by Andrew Gordon - Gangsters : 1 - Sasquatch : 1.
3:40 of 2nd period - Jakub Voracek wins face-off versus Alexandre Bolduc in neutral zone.
3:53 of 2nd period - Slapshot by Jakub Voracek.
3:53 of 2nd period - Shot Blocked by Bryan Young.
4:05 of 2nd period - Ryan Jones is hit by Matt Ellison and loses puck.
4:46 of 2nd period - Krys Kolanos is hit by Cory Murphy and loses puck.
4:50 of 2nd period - Icing by Jake Gardiner.
4:51 of 2nd period - Maxime Sauvé wins face-off versus Krys Kolanos in Sasquatch zone.
4:52 of 2nd period - Snap shot by Ryan Keller.
4:52 of 2nd period - Stopped by Cory Schneider without a rebound.
4:53 of 2nd period - Alexandre Bolduc wins face-off versus Kevin Porter in Sasquatch zone.
4:54 of 2nd period - Slapshot by Igor Radulov.
4:54 of 2nd period - Stopped by Cory Schneider without a rebound.
4:55 of 2nd period - Alexandre Bolduc wins face-off versus Kevin Porter in Sasquatch zone.
5:08 of 2nd period - Slapshot by Kevin Porter.
5:08 of 2nd period - Stopped by David LeNeveu with a rebound.
5:30 of 2nd period - Slapshot by Keith Yandle.
5:30 of 2nd period - Shot Blocked by Ville Koistinen.
6:06 of 2nd period - Wrist shot by Kevin Shattenkirk.
6:06 of 2nd period - Stopped by David LeNeveu with a rebound.
6:59 of 2nd period - Wrist shot by Kevin Porter.
6:59 of 2nd period - Stopped by David LeNeveu with a rebound.
7:21 of 2nd period - Krys Kolanos is hit by Cory Murphy and loses puck.
8:12 of 2nd period - Colten Teubert is hit by Chad Kilger and loses puck.
8:25 of 2nd period - Slapshot by Rostislav Klesla.
8:25 of 2nd period - Shot Misses the Net.
8:27 of 2nd period - Snap shot by Rostislav Klesla.
8:27 of 2nd period - Stopped by David LeNeveu with a rebound.
8:29 of 2nd period - Snap shot by Jakub Voracek.
8:29 of 2nd period - Stopped by David LeNeveu without a rebound.
8:30 of 2nd period - Brock Bradford wins face-off versus Kevin Porter in Gangsters zone.
8:30 of 2nd period - Brock Bradford is hit by Jakub Voracek.
8:39 of 2nd period - Minor Penalty to Yann Sauvé for Holding.
8:40 of 2nd period - Alexandre Bolduc wins face-off versus Kevin Porter in Sasquatch zone.
8:40 of 2nd period - Slapshot by Staffan Kronwall.
8:40 of 2nd period - Shot Misses the Net.
8:42 of 2nd period - Wrist shot by Ryan Keller.
8:42 of 2nd period - Shot Hit the Post.
8:44 of 2nd period - Wrist shot by Staffan Kronwall.
8:44 of 2nd period - Shot Blocked by Kevin Shattenkirk.
8:46 of 2nd period - Slapshot by Igor Radulov.
8:46 of 2nd period - Goal by Igor Radulov - Gangsters : 2 - Sasquatch : 1.
8:47 of 2nd period - Kevin Porter wins face-off versus Alexandre Bolduc in neutral zone.
9:31 of 2nd period - Wrist shot by Ryan Keller.
9:31 of 2nd period - Shot Misses the Net.
9:33 of 2nd period - Slapshot by Ville Koistinen.
9:33 of 2nd period - Deflect By Maxime Sauvé.
9:33 of 2nd period - Shot Blocked by Keith Yandle.
9:33 of 2nd period - Puck is out of play.
9:34 of 2nd period - Kevin Porter wins face-off versus Maxime Sauvé in Sasquatch zone.
9:34 of 2nd period - Kevin Porter is hit by Cory Murphy.
10:05 of 2nd period - Snap shot by Ryan Keller.
10:05 of 2nd period - Shot Misses the Net.
10:07 of 2nd period - Snap shot by Luke Gazdic.
10:07 of 2nd period - Stopped by Cory Schneider without a rebound.
10:08 of 2nd period - Kevin Porter wins face-off versus Brock Bradford in Sasquatch zone.
10:08 of 2nd period - Kevin Porter is hit by Ryan Jones.
11:15 of 2nd period - Dave Dziurzynski is hit by Matt Niskanen and loses puck.
11:32 of 2nd period - Snap shot by Jakub Voracek.
11:32 of 2nd period - Goal by Jakub Voracek - Gangsters : 2 - Sasquatch : 2.
11:33 of 2nd period - Alexandre Bolduc wins face-off versus Kevin Porter in neutral zone.
11:43 of 2nd period - Off-side.
11:44 of 2nd period - Kevin Porter wins face-off versus Alexandre Bolduc in neutral zone.
12:48 of 2nd period - Rostislav Klesla is hit by Ryan Keller and loses puck.
13:03 of 2nd period - Wrist shot by Jakub Voracek.
13:03 of 2nd period - Stopped by David LeNeveu with a rebound.
13:21 of 2nd period - Minor Penalty to Matt Niskanen for Interference.
13:22 of 2nd period - Alexandre Bolduc wins face-off versus Kevin Porter in Sasquatch zone.
13:37 of 2nd period - Wrist shot by Alexandre Bolduc.
13:37 of 2nd period - Shot Misses the Net.
15:21 of 2nd period - Penalty to Matt Niskanen is over, Matt Niskanen is back on ice.
16:39 of 2nd period - Colten Teubert is hit by Matt Ellison and loses puck.
17:49 of 2nd period - Rostislav Klesla is hit by Colten Teubert and loses puck.
19:03 of 2nd period - Luke Gazdic is hit by Jakub Voracek and loses puck.
19:21 of 2nd period - Cory Murphy is hit by Chad Kilger and loses puck.
19:38 of 2nd period - Slapshot by Kevin Shattenkirk.
19:38 of 2nd period - Shot Misses the Net.
Goals for this period are 1 for Gangsters vs 2 for Sasquatch.
Shots for this period are 4 for Gangsters vs 12 for Sasquatch.
3rd period
0:01 of 3rd period - Kevin Porter wins face-off versus Alexandre Bolduc in neutral zone.
0:12 of 3rd period - Snap shot by Staffan Kronwall.
0:12 of 3rd period - Stopped by Cory Schneider with a rebound.
0:14 of 3rd period - Slapshot by Cory Murphy.
0:14 of 3rd period - Stopped by Cory Schneider with a rebound.
0:16 of 3rd period - Snap shot by Cory Murphy.
0:16 of 3rd period - Deflect By Igor Radulov.
0:16 of 3rd period - Goal by Igor Radulov - Gangsters : 3 - Sasquatch : 2.
0:17 of 3rd period - Alexandre Bolduc wins face-off versus Teemu Hartikainen in neutral zone.
0:21 of 3rd period - Off-side.
0:22 of 3rd period - Alexandre Bolduc wins face-off versus Kevin Porter in neutral zone.
0:25 of 3rd period - Slapshot by Igor Radulov.
0:25 of 3rd period - Shot Misses the Net.
0:51 of 3rd period - Cory Murphy is hit by Jakub Voracek and loses puck.
1:00 of 3rd period - Snap shot by Kevin Porter.
1:00 of 3rd period - Shot Misses the Net.
1:02 of 3rd period - Snap shot by Jakub Voracek.
1:02 of 3rd period - Shot Blocked by Chris Bourque.
1:04 of 3rd period - Wrist shot by Kevin Porter.
1:04 of 3rd period - Shot Misses the Net.
1:06 of 3rd period - Wrist shot by Jakub Voracek.
1:06 of 3rd period - Shot Misses the Net.
1:08 of 3rd period - Slapshot by Keith Yandle.
1:08 of 3rd period - Stopped by David LeNeveu without a rebound.
1:09 of 3rd period - Derek Stepan wins face-off versus Alexandre Bolduc in Gangsters zone.
1:14 of 3rd period - Slapshot by Chad Kilger.
1:14 of 3rd period - Stopped by David LeNeveu with a rebound.
1:16 of 3rd period - Slapshot by Matt Niskanen.
1:16 of 3rd period - Stopped by David LeNeveu without a rebound.
1:17 of 3rd period - Derek Stepan wins face-off versus Alexandre Bolduc in Gangsters zone.
1:19 of 3rd period - Minor Penalty to Bryan Young for Holding.
1:20 of 3rd period - Kevin Porter wins face-off versus Igor Radulov in Gangsters zone.
1:20 of 3rd period - Snap shot by Chad Kilger.
1:20 of 3rd period - Deflect By Cory Murphy.
1:20 of 3rd period - Stopped by David LeNeveu with a rebound.
1:24 of 3rd period - Slapshot by Chad Kilger.
1:24 of 3rd period - Goal by Chad Kilger - Gangsters : 3 - Sasquatch : 3.
1:25 of 3rd period - Kevin Porter wins face-off versus Igor Radulov in neutral zone.
1:30 of 3rd period - Slapshot by Kevin Porter.
1:30 of 3rd period - Deflect By Jakub Voracek.
1:30 of 3rd period - Shot Misses the Net.
1:30 of 3rd period - Puck is out of play.
1:31 of 3rd period - Kevin Porter wins face-off versus Alexandre Bolduc in Gangsters zone.
1:46 of 3rd period - Snap shot by Igor Radulov.
1:46 of 3rd period - Shot Blocked by Jake Gardiner.
2:03 of 3rd period - Icing by Chris Bourque.
2:04 of 3rd period - Brock Bradford wins face-off versus Derek Stepan in Gangsters zone.
2:09 of 3rd period - Slapshot by Chad Kilger.
2:09 of 3rd period - Shot Misses the Net.
2:15 of 3rd period - Snap shot by Cory Murphy.
2:15 of 3rd period - Stopped by Cory Schneider with a rebound.
2:17 of 3rd period - Snap shot by Brock Bradford.
2:17 of 3rd period - Deflect By Chris Bourque.
2:17 of 3rd period - Stopped by Cory Schneider without a rebound.
2:18 of 3rd period - Alexandre Bolduc wins face-off versus Kevin Porter in Sasquatch zone.
2:19 of 3rd period - Snap shot by Igor Radulov.
2:19 of 3rd period - Stopped by Cory Schneider without a rebound.
2:20 of 3rd period - Alexandre Bolduc wins face-off versus Kevin Porter in Sasquatch zone.
2:23 of 3rd period - Snap shot by Ryan Keller.
2:23 of 3rd period - Shot Misses the Net.
2:25 of 3rd period - Snap shot by Ryan Keller.
2:25 of 3rd period - Stopped by Cory Schneider without a rebound.
2:26 of 3rd period - Kevin Porter wins face-off versus Alexandre Bolduc in Sasquatch zone.
2:30 of 3rd period - Off-side.
2:31 of 3rd period - Kevin Porter wins face-off versus Alexandre Bolduc in neutral zone.
2:33 of 3rd period - Keith Yandle is hit by Staffan Kronwall and loses puck.
2:43 of 3rd period - Minor Penalty to Ryan Keller for Roughing.
2:44 of 3rd period - Kevin Porter wins face-off versus Igor Radulov in Gangsters zone.
3:00 of 3rd period - Slapshot by Kevin Shattenkirk.
3:00 of 3rd period - Shot Blocked by Staffan Kronwall.
4:30 of 3rd period - Luke Gazdic is hit by Jake Gardiner and loses puck.
4:43 of 3rd period - Penalty to Ryan Keller is over, Ryan Keller is back on ice.
5:02 of 3rd period - Rostislav Klesla is hit by Dave Dziurzynski and loses puck.
6:22 of 3rd period - Icing by Jakub Voracek.
6:23 of 3rd period - Kevin Porter wins face-off versus Ben Holmstrom in Sasquatch zone.
7:12 of 3rd period - Keith Yandle is hit by Brock Bradford.
7:46 of 3rd period - Slapshot by Igor Radulov.
7:46 of 3rd period - Stopped by Cory Schneider without a rebound.
7:47 of 3rd period - Chris Bourque wins face-off versus Jiri Novotny in Sasquatch zone.
8:14 of 3rd period - Bryan Young is hit by Teemu Hartikainen and loses puck.
8:53 of 3rd period - Wrist shot by Krys Kolanos.
8:53 of 3rd period - Shot Blocked by Ryan Jones.
9:26 of 3rd period - Ryan Keller is hit by Teemu Hartikainen and loses puck.
9:39 of 3rd period - Jiri Novotny is hit by Igor Radulov and loses puck.
10:08 of 3rd period - Cory Murphy is hit by Chad Kilger and loses puck.
12:02 of 3rd period - Luke Gazdic is hit by Eric Tangradi.
12:06 of 3rd period - Kevin Shattenkirk is hit by Maxime Sauvé and loses puck.
12:36 of 3rd period - Snap shot by Chad Kilger.
12:36 of 3rd period - Shot Blocked by Cory Murphy.
12:57 of 3rd period - Wrist shot by Jakub Voracek.
12:57 of 3rd period - Shot Blocked by Colten Teubert.
13:17 of 3rd period - Snap shot by Konstantin Pushkarev.
13:17 of 3rd period - Stopped by David LeNeveu without a rebound.
13:18 of 3rd period - Kevin Porter wins face-off versus Ben Holmstrom in Gangsters zone.
13:19 of 3rd period - Slapshot by Jakub Voracek.
13:19 of 3rd period - Stopped by David LeNeveu with a rebound.
13:21 of 3rd period - Snap shot by Teemu Hartikainen.
13:21 of 3rd period - Stopped by David LeNeveu with a rebound.
13:23 of 3rd period - Wrist shot by Matt Niskanen.
13:23 of 3rd period - Shot Blocked by Staffan Kronwall.
13:25 of 3rd period - Wrist shot by Teemu Hartikainen.
13:25 of 3rd period - Shot Blocked by Igor Radulov.
13:29 of 3rd period - Slapshot by Kevin Porter.
13:29 of 3rd period - Shot Misses the Net.
13:31 of 3rd period - Snap shot by Jakub Voracek.
13:31 of 3rd period - Shot Blocked by Ben Holmstrom.
13:33 of 3rd period - Snap shot by Matt Niskanen.
13:33 of 3rd period - Shot Misses the Net.
14:15 of 3rd period - Minor Penalty to Dave Dziurzynski for Slashing.
14:16 of 3rd period - Igor Radulov wins face-off versus Kevin Porter in Gangsters zone.
14:40 of 3rd period - Chris Bourque is hit by Matt Ellison.
14:54 of 3rd period - Derek Stepan is hit by Ryan Keller and loses puck.
15:05 of 3rd period - Cory Murphy is hit by Jake Gardiner and loses puck.
15:38 of 3rd period - Matt Niskanen is hit by Chris Bourque.
15:50 of 3rd period - Chris Bourque is hit by Matt Ellison and loses puck.
16:01 of 3rd period - Derek Stepan is hit by Bryan Young and loses puck.
16:15 of 3rd period - Penalty to Dave Dziurzynski is over, Dave Dziurzynski is back on ice.
17:15 of 3rd period - Wrist shot by Ville Koistinen.
17:15 of 3rd period - Stopped by Cory Schneider without a rebound.
17:16 of 3rd period - Brock Bradford wins face-off versus Derek Stepan in Sasquatch zone.
17:17 of 3rd period - Snap shot by Chris Bourque.
17:17 of 3rd period - Deflect By Ryan Jones.
17:17 of 3rd period - Shot Blocked by Jiri Novotny.
17:17 of 3rd period - Puck is out of play.
17:18 of 3rd period - Brock Bradford wins face-off versus Derek Stepan in Sasquatch zone.
17:19 of 3rd period - Snap shot by Chris Bourque.
17:19 of 3rd period - Stopped by Cory Schneider without a rebound.
17:20 of 3rd period - Derek Stepan wins face-off versus Brock Bradford in Sasquatch zone.
17:35 of 3rd period - Slapshot by Ryan Jones.
17:35 of 3rd period - Shot Misses the Net.
17:59 of 3rd period - Slapshot by Keith Yandle.
17:59 of 3rd period - Stopped by David LeNeveu without a rebound.
18:00 of 3rd period - Ben Holmstrom wins face-off versus Derek Stepan in Gangsters zone.
18:52 of 3rd period - Minor Penalty to Matt Niskanen for Tripping.
18:53 of 3rd period - Brock Bradford wins face-off versus Kevin Porter in Sasquatch zone.
18:55 of 3rd period - Snap shot by Ryan Jones.
18:55 of 3rd period - Stopped by Cory Schneider without a rebound.
18:56 of 3rd period - Kevin Porter wins face-off versus Brock Bradford in Sasquatch zone.
18:56 of 3rd period - Kevin Porter is hit by Cory Murphy.
19:18 of 3rd period - Minor Penalty to Brock Bradford for Cross-checking.
19:19 of 3rd period - Igor Radulov wins face-off versus Kevin Porter in Gangsters zone.
19:19 of 3rd period - Igor Radulov is hit by Kevin Shattenkirk.
19:33 of 3rd period - Wrist shot by Igor Radulov.
19:33 of 3rd period - Stopped by Cory Schneider with a rebound.
19:35 of 3rd period - Wrist shot by Ryan Keller.
19:35 of 3rd period - Goal by Ryan Keller - Gangsters : 4 - Sasquatch : 3.
19:36 of 3rd period - Kevin Porter wins face-off versus Igor Radulov in neutral zone.
19:39 of 3rd period - Sasquatch, Cory Schneider is pulled from the net.
Goals for this period are 2 for Gangsters vs 1 for Sasquatch.
Shots for this period are 13 for Gangsters vs 9 for Sasquatch.
Output by the SimonT Hockey Simulator (STHS) for François Prévost -- Original Page W3C XHTML 1.0 Valid